 Dungeon Crawl Stone Soup version 0.30.1-3-gfc49f6343a (webtiles) character file.

Game seed: 15500106095318409596

1548 jtron the Spear-Bearer (level 8, -5/60 HPs)
             Began as a Gnoll Wanderer on Aug 8, 2023.
             Was an Initiate of Okawaru.
             Slain by a two-headed ogre
             ... wielding a +0 giant club
              (21 damage)
             ... on level 8 of the Dungeon.
             The game lasted 00:10:15 (4942 turns).

jtron the Spear-Bearer (Gnoll Wanderer)             Turns: 4942, Time: 00:10:15

Health: -5/60      AC: 11    Str: 21    XL:     8   Next: 87%
Magic:  15/15      EV: 12    Int: 10    God:    Okawaru [......]
Gold:   358        SH:  0    Dex: 12    Spells: 16/16 levels left

rFire   . . .        a - +3 spear
rCold   . . .        (no shield)
rNeg    . . .        d - +0 leather armour {rPois}
rPois   +            g - +0 helmet
rElec   .            l - +1 cloak
rCorr   .            (no gloves)
SInv    .            (no boots)
Will    .....        (no amulet)
Stlth   ++           i - +6 ring of strength
HPRegen 0.30/turn    p - +4 ring of protection
MPRegen 0.14/turn

%: no passive effects
@: no status effects
A: fangs 1, strong nose, distributed training
a: Renounce Religion


You were on level 8 of the Dungeon.
You worshipped Okawaru.
Okawaru was noncommittal.
You visited 2 branches of the dungeon, and saw 9 of its levels.

You collected 358 gold pieces.

Inventory:

Hand Weapons
 a - a +3 spear (weapon)
Missiles
 t - 7 boomerangs (quivered)
 w - a throwing net
Armour
 d - a +0 leather armour of poison resistance (worn)
 g - a +0 helmet (worn)
 l - a +1 cloak (worn)
Jewellery
 i - a +6 ring of strength (left hand)
 p - a +4 ring of protection (right hand)
 s - an amulet of faith
 u - a +4 ring of protection
Wands
 x - a wand of light (7)
Scrolls
 e - a scroll of amnesia
 o - a scroll of teleportation
 q - 3 scrolls of blinking
 r - 2 scrolls of fear
Potions
 b - 2 potions of magic
 c - 3 potions of heal wounds
 f - 3 potions of brilliance {unknown}
 h - a potion of invisibility
 j - 3 potions of lignification
 k - 2 potions of attraction {unknown}
 m - 5 potions of curing
 n - a potion of might
Miscellaneous
 v - a tin of tremorstones (2/2)


   Skills:
 + Level 3.8 Fighting
 + Level 3.8 Short Blades
 + Level 3.8 Long Blades
 + Level 3.8 Axes
 + Level 3.8 Maces & Flails
 + Level 11.1 Polearms
 + Level 3.8 Staves
 + Level 3.8 Ranged Weapons
 + Level 4.6 Throwing
 + Level 4.6 Armour
 + Level 3.8 Dodging
 + Level 3.8 Stealth
 + Level 3.8 Shields
 + Level 3.8 Unarmed Combat
 + Level 4.8 Spellcasting
 + Level 3.1 Conjurations
 + Level 3.1 Hexes
 + Level 3.1 Summonings
 + Level 5.0 Necromancy
 + Level 3.1 Translocations
 + Level 3.1 Transmutations
 + Level 3.1 Fire Magic
 + Level 3.1 Ice Magic
 + Level 3.1 Air Magic
 + Level 3.1 Earth Magic
 + Level 3.1 Poison Magic
 + Level 4.1 Invocations
 + Level 3.8 Evocations


You had 16 spell levels left.
You didn't know any spells.
Your spell library contained the following spells:

 Spells                   Type           Power      Damage    Failure   Level
 Sublimation of Blood     Necr           12%        N/A       5%          2
 Sandblast                Erth           16%        2d6       8%          1
 Cigotuvi's Dreadful Rot  Necr/Pois/Air  18%        N/A       9%          2
 Blink                    Tloc           16%        N/A       12%         2
 Lesser Beckoning         Tloc           16%        N/A       12%         2
 Passwall                 Tmut/Erth      6%         N/A       12%         2
 Gell's Gravitas          Tloc           8%         N/A       22%         3
 Hailstorm                Conj/Ice       8%         3d4       22%         3
 Stone Arrow              Conj/Erth      16%        3d8       22%         3
 Teleport Other           Tloc           8%         N/A       22%         3
 Vhi's Electric Charge    Tloc/Air       16%        N/A       22%         3
 Dispel Undead            Necr           12%        3d9       34%         4
 Ice Form                 Ice/Tmut       8%         N/A       58%         4
 Manifold Assault         Tloc           8%         N/A       58%         4
 Arcjolt                  Conj/Air       4%         1d14      91%         5
 Plasma Beam              Fire/Air       4%         2x1d15    100%        6
 Storm Form               Tmut/Air       4%         N/A       100%        7
 Death Channel            Necr           Unusable   N/A       N/A         6
 Simulacrum               Ice/Necr       Unusable   N/A       N/A         6

Dungeon Overview and Level Annotations

Branches:
Dungeon (8/15)             Temple (1/1) D:5
   Lair: D:8-11

Altars:
Ashenzari
Cheibriados
Dithmenos
Elyvilon
Fedhas
Gozag
Kikubaaqudgha
Makhleb
Nemelex Xobeh
Okawaru
Sif Muna
Trog
Uskayaw
Vehumet
Yredelemnul
Zin
The Shining One

Shops:
D:8 (

Annotations:
D:7 1 runed translucent door
D:8 exclusion: statue


Innate Abilities, Weirdness & Mutations

You have very sharp teeth.
Your uncanny sense of smell can sniff out nearby items.
Your experience applies equally to all skills.


Message History

You hit the two-headed ogre but do no damage.
The two-headed ogre is heavily wounded.
You hit the two-headed ogre but do no damage.
The two-headed ogre is heavily wounded.
The two-headed ogre barely misses you. The two-headed ogre misses you.
You hit the two-headed ogre but do no damage.
The two-headed ogre is heavily wounded.
You hit the two-headed ogre.
The two-headed ogre is heavily wounded.
You barely miss the two-headed ogre.
The two-headed ogre is heavily wounded.
The two-headed ogre hits you with a +0 giant club!!
The two-headed ogre hits you with a +0 giant spiked club!!
* * * LOW HITPOINT WARNING * * *
You hear a shout!
You are too injured to fight recklessly!
You are too injured to fight recklessly!
You are too injured to fight recklessly!
You are too injured to fight recklessly!
You are too injured to fight recklessly!
You are too injured to fight recklessly!
You are too injured to fight recklessly!
You are too injured to fight recklessly!
You are too injured to fight recklessly!
You are too injured to fight recklessly!
You are too injured to fight recklessly!
You are too injured to fight recklessly!
You are too injured to fight recklessly!
You are too injured to fight recklessly!
You are too injured to fight recklessly!
You are too injured to fight recklessly!
You puncture the two-headed ogre!
The two-headed ogre is severely wounded.
You hit the two-headed ogre.
The two-headed ogre is severely wounded.
An orc comes into view. It is wielding a +0 club.
You hit the two-headed ogre.
The two-headed ogre is almost dead.
The two-headed ogre hits you with a +0 giant club!!
You die...

# #.>....# # ∆
.. #.#.^...#
####.# #.
#.###....#
.....## #.
##.#.....#
....... #.
####....#.#
####### #.
..##....#.# #.
#.##.####∩#
♣.#.######.##.#
#.#
♣...@...##.##.#
#.#
♣o#O###.##.##.#
#.# #.
##.......####.##
#.
#...............
##
#.#########.####
#.# #.#
#....._.8 #.#
#!#...... #.#
#.####### #.#


You could see a two-headed ogre and an orc.

Vanquished Creatures
  Sigmund (D:6)
  Eustachio (D:6)
  Menkaure (D:6)
  A sky beast (D:7)
  3 black bears
  An ogre (D:6)
  A centaur (D:5)
  A phantom (D:4)
  A bullfrog (D:7)
  A scorpion (D:5)
  3 hounds
  2 jellies (D:7)
  A sleepcap (D:6)
  4 iguanas
  An orc wizard (D:4)
  3 adders
  An ufetubus (D:4)
  2 worms
  4 dart slugs
  18 orcs
  9 ball pythons
  6 endoplasms
  4 giant cockroaches
  8 goblins
  11 hobgoblins
  4 jackals (D:4)
  4 quokkas
  10 bats
  4 frilled lizards
  2 kobolds (D:1)
  4 rats
117 creatures vanquished.

Notes
Turn   | Place    | Note
-------+----------+-------------------------------------------
     0 | D:1      | Reached skill level 10 in Polearms
     0 | D:1      | jtron the Gnoll Wanderer began the quest for the Orb.
     0 | D:1      | jtron set off with the following items: a +2 spear, a +0
                  | scale mail, a potion of heal wounds; and the following
                  | spells available to memorise: Sublimation of Blood,
                  | Cigotuvi's Dreadful Rot.
     0 | D:1      | Reached XP level 1. HP: 13/13 MP: 4/4
    75 | D:1      | Reached XP level 2. HP: 17/19 MP: 5/5
   246 | D:1      | Reached XP level 3. HP: 25/25 MP: 7/7
   430 | D:1      | Reached skill level 1 in Invocations
   660 | D:2      | Reached skill level 1 in Fighting
   660 | D:2      | Reached skill level 1 in Short Blades
   660 | D:2      | Reached skill level 1 in Long Blades
   660 | D:2      | Reached skill level 1 in Axes
   660 | D:2      | Reached skill level 1 in Maces & Flails
   660 | D:2      | Reached skill level 1 in Staves
   660 | D:2      | Reached skill level 1 in Ranged Weapons
   660 | D:2      | Reached skill level 1 in Dodging
   660 | D:2      | Reached skill level 1 in Stealth
   660 | D:2      | Reached skill level 1 in Shields
   660 | D:2      | Reached skill level 1 in Unarmed Combat
   660 | D:2      | Reached skill level 1 in Evocations
   738 | D:2      | Reached XP level 4. HP: 32/32 MP: 8/8
  1326 | D:3      | Found a faded altar of an unknown god.
  1346 | D:3      | Reached skill level 1 in Conjurations
  1346 | D:3      | Reached skill level 1 in Hexes
  1346 | D:3      | Reached skill level 1 in Summonings
  1346 | D:3      | Reached skill level 1 in Translocations
  1346 | D:3      | Reached skill level 1 in Transmutations
  1346 | D:3      | Reached skill level 1 in Fire Magic
  1346 | D:3      | Reached skill level 1 in Ice Magic
  1346 | D:3      | Reached skill level 1 in Air Magic
  1346 | D:3      | Reached skill level 1 in Earth Magic
  1346 | D:3      | Reached skill level 1 in Poison Magic
  2066 | D:4      | Noticed a phantom
  2087 | D:4      | Killed a phantom
  2088 | D:4      | Reached XP level 5. HP: 28/37 MP: 9/9
  2143 | D:4      | Reached XP level 6. HP: 31/44 MP: 9/11
  2435 | D:4      | Noticed a black bear
  2520 | D:4      | Killed a black bear
  2795 | D:5      | Entered Level 5 of the Dungeon
  2795 | D:5      | Noticed a black bear
  2829 | D:5      | Reached XP level 7. HP: 49/50 MP: 12/12
  3124 | D:5      | Found a sparkling altar of Nemelex Xobeh.
  3132 | D:5      | Found a snail-covered altar of Cheibriados.
  3140 | D:5      | Found a hide-covered altar of Uskayaw.
  3140 | D:5      | Found a bloodstained altar of Trog.
  3147 | D:5      | Found a basalt altar of Yredelemnul.
  3430 | D:5      | Found a staircase to the Ecumenical Temple.
  3452 | D:6      | Noticed Menkaure
  3610 | D:6      | Noticed Sigmund
  3634 | D:6      | Killed Sigmund
  3635 | D:6      | Reached XP level 8. HP: 48/58 MP: 14/14
  3646 | D:6      | Killed Menkaure
  3897 | D:6      | Noticed Eustachio
  3915 | D:6      | Killed Eustachio
  3916 | D:6      | Reached skill level 11 in Polearms
  4193 | Temple   | Entered the Ecumenical Temple
  4258 | Temple   | Became a worshipper of Warmaster Okawaru
  4462 | D:7      | Noticed a yak
  4462 | D:7      | Noticed a yak
  4462 | D:7      | Noticed a yak
  4580 | D:7      | Found a runed translucent door.
  4613 | D:7      | Reached skill level 5 in Necromancy
  4891 | D:8      | Found Vixiteho's Weapon Emporium.
  4922 | D:8      | Found a radiant altar of Vehumet.
  4930 | D:8      | Noticed a two-headed ogre
  4942 | D:8      | Slain by a two-headed ogre

Illustrated notes

Levels and vault maps discovered:
D:1:      doesnt_arrival_eight_statues, layout_rooms, serial_curves,
          eino_curves_04, eino_curves_04
D:2:      layout_basic
D:3:      layout_loops_corners, basic_ecumenical_altar,
          roderic_nine_men_s_morris
D:4:      layout_cave_pools
D:5:      layout_rooms, nicolae_overflow_hallway_of_the_gods,
          minmay_temple_entry_from_below_a, minmay_checkerbox
D:6:      layout_cave_pools, uniq_sigmund, uniq_eustachio, uniq_menkaure
D:7:      layout_rooms, nicolae_benzene_ring, nicolae_kite_square_tiling_tiny,
          lightli_church_of_beogh
D:8:      nzn_winding_woodlands_large [nzn_winding_woodlands_5x5_perimeter,
          nzn_winding_woodlands_5x15_concentric,
          nzn_winding_woodlands_5x5_cross,
          nzn_winding_woodlands_center_pierced_h,
          nzn_winding_woodlands_15x15_killbox,
          nzn_winding_woodlands_center_diamonds,
          nzn_winding_woodlands_5x5_three, nzn_winding_woodlands_5x15_garden,
          nzn_winding_woodlands_5x5_default], layout_loops_ring, vehumet_statue,
          lemuel_coloured_pillars_altar, serial_shops, shop
Temple:   bh_familiar_temple

Skill      XL: |  1  2  3  4  5  6  7  8 |
---------------+-------------------------+-----
Polearms       | 11 | 11.1
Invocations    | 1 2 3 4 |  4.1
Fighting       | 1 2 3 |  3.8
Short Blades   | 1 2 3 |  3.8
Long Blades    | 1 2 3 |  3.8
Axes           | 1 2 3 |  3.8
Maces & Flails | 1 2 3 |  3.8
Staves         | 1 2 3 |  3.8
Ranged Weapons | 1 2 3 |  3.8
Dodging        | 1 2 3 |  3.8
Stealth        | 1 2 3 |  3.8
Shields        | 1 2 3 |  3.8
Unarmed Combat | 1 2 3 |  3.8
Evocations     | 1 2 3 |  3.8
Spellcasting   | 3 4 |  4.8
Conjurations   | 1 2 3 |  3.1
Hexes          | 1 2 3 |  3.1
Summonings     | 1 2 3 |  3.1
Translocations | 1 2 3 |  3.1
Transmutations | 1 2 3 |  3.1
Fire Magic     | 1 2 3 |  3.1
Ice Magic      | 1 2 3 |  3.1
Air Magic      | 1 2 3 |  3.1
Earth Magic    | 1 2 3 |  3.1
Poison Magic   | 1 2 3 |  3.1
Throwing       | 3 4 |  4.6
Armour         | 3 4 |  4.6
Necromancy     | 4 5 |  5.0

Action                     |  1- 3 |  4- 6 |  7- 9 || total
---------------------------+-------+-------+-------++-------
  Melee: Spear             |   101 |   184 |   198 ||   483
         Bite              |     7 |    17 |    20 ||    44
         Punch             |       |     1 |     1 ||     2
  Throw: Boomerang         |       |     1 |     5 ||     6
  Evoke: Tin of tremorston |       |       |     1 ||     1
    Use: Scroll            |     3 |     5 |     4 ||    12
         Potion            |       |     1 |     1 ||     2
   Stab: Sleeping          |     2 |     4 |     2 ||     8
 Armour: Leather armour    |    13 |    34 |    42 ||    89
  Dodge: Dodged            |    24 |    58 |    62 ||   144
